Description

PvP Oracle SG into robo

Replay - Astrea v Neeb: Game 5 - Submarine LE

Build Order

Get SALT Encoding   

  12  0:00  Probe  
  13  0:13  Probe  
  14  0:17  Pylon  
  14  0:23  Probe  
  15  0:31  Probe  
  15  0:37  Gateway  
  15  0:40  Probe  
  16  0:46  Assimilator  
  17  0:51  Probe  
  18  0:59  Assimilator  
  18  1:00  Probe  
  19  1:08  Probe  
  19  1:10  Gateway  
  19  1:17  Probe  
  21  1:27  Cybernetics Core  
  21  1:29  Probe  
  22  1:37  Pylon  
  24  2:03  Stalker x2, Warp Gate  
  28  2:12  Pylon  
  29  2:33  Stalker x2  
  34  2:44  Stargate  
  34  3:00  Shield Battery  
  33  3:19  Nexus  
  33  3:21  Shield Battery, Oracle  
  38  3:41  Pylon  
  39  3:54  Robotics Facility  
  37  4:01  Oracle  
  42  4:25  Sentry  
  42  4:27  Shield Battery  
  45  4:36  Immortal  
  45  4:37  Stalker  
  51  4:58  Stalker  
  53  5:01  Shield Battery  
  53  5:03  Adept  
  55  5:10  Shield Battery  
  57  5:19  Warp Prism  
  58  5:30  Pylon  
  53  5:57  Immortal  
  55  6:08  Sentry x2  
  59  6:12  Shield Battery  
  62  6:37  Gateway  
  62  6:51  Immortal  
  62  6:54  Robotics Bay  
  68  7:09  Sentry  
  68  7:11  Stalker  
  68  7:13  Assimilator x2  
  74  7:23  Gateway  
  75  7:36  Disruptor  
  75  7:38  Shield Battery  
  75  7:51  Stalker x2  
  80  7:56  Shield Battery  
  82  8:06  Gateway  
  82  8:12  Disruptor  
  82  8:19  Stalker  
  89  8:48  Colossus  
  101  9:01  Twilight Council  
  101  9:05  Forge  
  103  9:51  Observer  
Spawning Tool Build Advisor. Get it on Overwolf

Analysis

-

Go to:

Details

  • Created by: diecesar
  • Published on: Aug 02, 2020
  • Modified on: Aug 02, 2020
  • Patch: 4.11.0
  • Difficulty: Medium
Show
View Real Time Build Order
Export as new Build Order

Comments (0)

There are no comments. Be the first!

Create an account to comment!